Workbook

Sheet MARS
B1: DESIGNATION | C1: MODE DE REGLEMENT | D1: RECETTES | E1: DEPENSES
A2: 43550 | B2: Facture de souscription Crédit Agricole | E2: 15.3
A3: 43550 | B3: Remise de chèques | D3: 1440
A4: 43550 | B4: Versement d'espèces | D4: 260
B5: TOTAL | D5: =SUM(D2:D4) -> 1700 | E5: =SUM(E2:E4) -> 15.3
B6: SOLDE | E6: =D5-E5 -> 1684.7

Sheet AVRIL
B1: DESIGNATION | C1: MODE DE REGLEMENT | D1: RECETTES | E1: DEPENSES
B2: REPORT | D2: =MARS!E6 -> 1684.7
A3: 43561 | B3: Quittance Loyer | C3: Chèque de banque | E3: 720
A4: 43568 | B4: Frais de notaire | C4: Chèque de banque | E4: 120
A5: 43569 | B5: Facture de souscription EDF | E5: 150.98
A6: 43570 | B6: Remboursement Fact Action | C6: Chèque n° 1228686 | E6: 5.17
A7: 43571 | B7: Remise de chèques | D7: 72
A8: 43571 | B8: Versement d'espèces | D8: 330
A9: 43571 | B9: Versement d'espèces | D9: 10
A10: 43571 | B10: Encaissement Carte Bancaire | D10: 683.3
A11: 43571 | B11: Remboursement Fact Le Comptoir du Bureau | C11: Chèque n° 1228690 | E11: 26.54
A12: 43572 | B12: Encaissement Carte Bancaire | D12: 137.55
A13: 43572 | B13: Facture Free | E13: 19.99
A14: 43573 | B14: Encaissement Carte Bancaire | D14: 30.46
A15: 43578 | B15: Encaissement Carte Bancaire | D15: 160.14
A16: 43578 | B16: Remise de chèques | D16: 32
A17: 43578 | B17: Versement d'espèces | D17: 500
A18: 43578 | B18: Versement d'espèces | D18: 28.5
A19: 43578 | B19: Remise de Chèques (Loyers & Cotisations) | D19: 360
A20: 43579 | B20: Encaissement Carte Bancaire | D20: 296.71
A21: 43579 | B21: Encaissement Carte Bancaire | D21: 263.29
A22: 43579 | B22: Cotisation AXA Assurances | E22: 183.48
A23: 43580 | B23: Encaissement Carte Bancaire | D23: 24.56
A24: 43585 | B24: Encaissement Carte Bancaire | D24: 353.69
A25: 43585 | B25: Remise de chèques | D25: 270
A26: 43585 | B26: Versement d'espèces | D26: 430
A27: 43585 | B27: Versement d'espèces | D27: 34.5
B28: TOTAL | D28: =SUM(D2:D27) -> 5701.4 | E28: =SUM(E2:E27) -> 1226.16
B29: SOLDE | E29: =D28-E28 -> 4475.24

Sheet MAI
B1: DESIGNATION | C1: MODE DE REGLEMENT | D1: RECETTES | E1: DEPENSES
B2: REPORT | D2: =AVRIL!E29 -> 4475.24
A3: 43587 | B3: Encaissement Carte Bancaire | D3: 90.38
A4: 43587 | B4: Virement Valentin François | E4: 343.87
A5: 43587 | B5: Virement Kourgane | E5: 217.79
A6: 43587 | B6: Virement Aurélien Sitolle | E6: 441.05
A7: 43587 | B7: Virement Virginie & Xavier Rousseau | E7: 703.16
A8: 43587 | B8: Virement Agnès Gorson | E8: 119.94
A9: 43587 | B9: Virement Adélaïde Liot | E9: 138.08
A10: 43587 | B10: Virement Roselyne Hellé | E10: 257.59
A11: 43587 | B11: Virement Nicole Van Dorsselaere | E11: 276.03
A12: 43587 | B12: Virement Eve Pecullo | E12: 275.92
A13: 43587 | B13: Virement Lise Renaux | E13: 371.8
A14: 43587 | B14: Virement Véronique Le Boucher | E14: 496.55
A15: 43588 | B15: Encaissement Carte Bancaire | D15: 433.27
A16: 43589 | B16: Remise de Chèques | D16: 108
A17: 43589 | B17: Versement d'espèces | D17: 8
A18: 43589 | B18: Versement d'espèces | D18: 550
A19: 43591 | B19: Prélèvement | E19: 17.05
A20: 43591 | B20: Encaissement Carte Bancaire | D20: 148.35
A21: 43592 | B21: Encaissement Carte Bancaire | D21: 795.8
A22: 43592 | B22: Remise de Chèques (Loyer) | D22: 720
A23: 43592 | B23: Remboursement Facture La Maison.fr | C23: Chèque n° 1228688 | E23: 25.4
A24: 43592 | B24: Remboursement Facture Cordonnerie Jeannette | C24: Chèque n° 1228681 | E24: 84
A25: 43594 | B25: Encaissement Carte Bancaire | D25: 18.67
A26: 43595 | B26: Retrait d'espèces | E26: 75
A27: 43595 | B27: Prélèvement Facture Free | E27: 6
A28: 43598 | B28: Encaissement Carte Bancaire | D28: 99.71
A29: 43599 | B29: Ventes d'avril Cécile Berneron | C29: Chèque n° 1228692 | E29: 127.72
A30: 43599 | B30: Encaissement Carte Bancaire | D30: 238.72
A31: 43599 | B31: Remise de Chèques | D31: 127.5
A32: 43599 | B32: Versement d'espèces | D32: 610
A33: 43600 | B33: Encaissement Carte Bancaire | D33: 58.95
A34: 43600 | B34: Facture Sumup | E34: 30
A35: 43600 | B35: Versement d'espèces | D35: 32
A36: 43600 | B36: Billet douteux | E36: 100
A37: 43602 | B37: Quittance Loyer | C37: Chèque n° 1228691 | E37: 720
A38: 43602 | B38: Remise de Chèques | D38: 141
A39: 43602 | B39: Encaissement Carte Bancaire | D39: 245.62
A40: 43602 | B40: Versement d'espèces | D40: 370
A41: 43602 | B41: Versement d'espèces | D41: 32
A42: 43605 | B42: Facture Auchan | C42: Chèque n° 1228693 | E42: 58.55
A43: 43605 | B43: Prélèvement Facture Free | E43: 19.99
A44: 43606 | B44: Remise de Chèques | D44: 57
A45: 43606 | B45: Encaissement Carte Bancaire | D45: 482.38
A46: 43606 | B46: Versement d'espèces | D46: 180
A47: 43606 | B47: Versement d'espèces | D47: 17
A48: 43607 | B48: Remise de Chèques (Cotisation & Loyer) | D48: 180
A49: 43608 | B49: Encaissement Carte Bancaire | D49: 94.32
A50: 43609 | B50: Remise de Chèques | D50: 69
A51: 43609 | B51: Versement d'espèces | D51: 10
A52: 43609 | B52: Encaissement Carte Bancaire | D52: 134.6
A53: 43609 | B53: Versement d'espèces | D53: 230
A54: 43612 | B54: Encaissement Carte Bancaire | D54: 87.44
A55: 43613 | B55: Encaissement Carte Bancaire | D55: 19.65
... A57: 43613 | B57: Remise de Chèques | D57: 87
A58: 43613 | B58: Retrait d'espèces | E58: 75
A59: 43613 | B59: Prélèvement Mensuel EDF | E59: 45
A60: 43614 | B60: Encaissement Carte Bancaire | D60: 283.93
A61: 43614 | B61: Remboursement Facture Carrefour Market | C61: Chèque n° 1228694 | E61: 4.24
A62: 43614 | B62: Ventes de Mai Kourgane | C62: Chèque n° 1228696 | E62: 655.71
A63: 43616 | B63: Encaissement Carte Bancaire | D63: 121.83
B64: TOTAL | D64: =SUM(D2:D63) -> 11917.36 | E64: =SUM(E2:E63) -> 5685.44
B65: SOLDE | E65: =D64-E64 -> 6231.92

Sheet JUIN
B1: DESIGNATION | C1: MODE DE REGLEMENT | D1: RECETTES | E1: DEPENSES
B2: REPORT | D2: =MAI!E65 -> 6231.92
A3: 43619 | B3: Virement Kourgane | E3: 655.81
A4: 43619 | B4: Virement Lise Renaux | E4: 532.65
A5: 43619 | B5: Virement Virginie & Xavier Rousseau | E5: 1421.44
A6: 43619 | B6: Virement Aurélien Sitolle | E6: 408.59
A7: 43619 | B7: Virement Valentin François | E7: 872.11
A8: 43619 | B8: Virement Adélaïde Liot | E8: 291.22
A9: 43619 | B9: Virement Roselyne Hellé | E9: 692.45
A10: 43619 | B10: Virement Véronique Le Boucher | E10: 480.32
A11: 43619 | B11: Virement Agnès Gorson | E11: 391.79
A12: 43619 | B12: Virement Nicole Van Dorsselaere | E12: 381.68
A13: 43619 | B13: Virement Eve Pécullo | E13: 266.3
A14: 43619 | B14: Encaissement Carte Bancaire | D14: 274.11
A15: 43620 | B15: Virement Samuel Rott | E15: 147.37
A16: 43620 | B16: Encaissement Carte Bancaire | D16: 239.72
A17: 43620 | B17: Remise de Chèques | D17: 63
A18: 43620 | B18: Versement d'espèces | D18: 425
A19: 43621 | B19: Frais Bancaires | E19: 3.05
A20: 43621 | B20: Versement d'espèces | D20: 265
A21: 43622 | B21: Encaissement Carte Bancaire | D21: 57.97
A22: 43622 | B22: Versement d'espèces | D22: 19.5
A23: 43622 | B23: Versement d'espèces | D23: 22
A24: 43622 | B24: Encaissement Carte Bancaire | D24: 232.84
A25: 43623 | B25: Encaissement Carte Bancaire | D25: 131.66
A26: 43623 | B26: Remise de Chèques | D26: 56
A27: 43623 | B27: Versement d'espèces | D27: 155
A28: 43627 | B28: Encaissement Carte Bancaire | D28: 68.77
A29: 43627 | B29: Versement d'espèces | D29: 360
A30: 43627 | B30: Remise de Chèques | D30: 149
A31: 43627 | B31: Encaissement Carte Bancaire | D31: 104.14
... A33: 43628 | B33: Remise de Chèques Loyer | D33: 780
A34: 43629 | B34: Retrait d'espèces | E34: 75
A35: 43630 | B35: Encaissement Carte Bancaire | D35: 147.37
A36: 43631 | B36: Versement d'espèces | D36: 14
A37: 43633 | B37: Versement d'espèces | D37: 21
A38: 43633 | B38: Encaissement Carte Bancaire | D38: 157.19
A39: 43635 | B39: Remise de Chèques | D39: 114
A40: 43635 | B40: Encaissement Carte Bancaire | D40: 58.95
A41: 43635 | B41: Facture Cycle de l'Eau | C41: Chèque n° 1228698 | E41: 42.75
A42: 43635 | B42: Versement d'espèces | D42: 12
A43: 43635 | B43: Versement d'espèces | D43: 550
A44: 43635 | B44: Encaissement Carte Bancaire | D44: 548.23
A45: 43635 | B45: Prélèvement Facture Free | E45: 19.99
A46: 43636 | B46: Encaissement Carte Bancaire | D46: 9.82
A47: 43637 | B47: Remise de Chèques | D47: 95
A48: 43637 | B48: Versement d'espèces | D48: 270
A49: 43637 | B49: Facture Journal Officiel | C49: Chèque n° 1228697 | E49: 44
A50: 43638 | B50: Quittance Loyer | C50: Chèque n° 1228699 | E50: 720
A51: 43638 | B51: Versement d'espèces | D51: 22.5
A52: 43640 | B52: Encaissement Carte Bancaire | D52: 113.96
A53: 43641 | B53: Encaissement Carte Bancaire | D53: 271.16
A54: 43641 | B54: Remise de Chèques | D54: 100
A55: 43641 | B55: Versement d'espèces | D55: 330
A56: 43642 | B56: Encaissement Carte Bancaire | D56: 40.28
A57: 43643 | B57: Encaissement Carte Bancaire | D57: 129.69
A58: 43644 | B58: Encaissement Carte Bancaire | D58: 186.67
A59: 43644 | B59: Retrait d'espèces | E59: 1
A60: 43644 | B60: Ventes de Mai Mathy | C60: Chèque n° 1228700 | E60: 140
A61: 43644 | B61: Prélèvement Facture EDF | E61: 45
A62: 43645 | B62: Versement d'espèces | D62: 6
B63: TOTAL | D63: =SUM(D2:D62) -> 13313.84 | E63: =SUM(E2:E62) -> 7632.52
B64: SOLDE | E64: =D63-E63 -> 5681.32

Sheet JUILLET
B1: DESIGNATION | C1: MODE DE REGLEMENT | D1: RECETTES | E1: DEPENSES
B2: REPORT | D2: =JUIN!E64 -> 5681.32
A3: 43647 | B3: Encaissement Carte Bancaire | D3: 256.43
A4: 43648 | B4: Virement Eve Pécullo | E4: 525.94
A5: 43648 | B5: Virement Samuel Rott | E5: 395.1
A6: 43648 | B6: Virement Kourgane | E6: 546.49
A7: 43648 | B7: Virement Lise Renaux | E7: 449.2
A8: 43648 | B8: Virement Virginie & Xavier Rousseau | E8: 1243.45
A9: 43648 | B9: Virement Aurélien Sitolle | E9: 915.12
A10: 43648 | B10: Virement Valentin François | E10: 480.62
A11: 43648 | B11: Virement Roselyne Hellé | E11: 450.46
A12: 43648 | B12: Virement Agnès Gorson | E12: 617.63
A13: 43648 | B13: Virement Nicole Van Dorsselaere | E13: 628.14
A14: 43648 | B14: Remise de Chèques | D14: 32
A15: 43648 | B15: Versement d'espèces | D15: 395
A16: 43648 | B16: Versement d'espèces | D16: 10
A17: 43649 | B17: Encaissement Carte Bancaire | D17: 31.44
A18: 43649 | B18: Versement d'espèces | D18: 25
A19: 43649 | B19: Encaissement Carte Bancaire | D19: 770.26
A20: 43651 | B20: Frais Bancaires | E20: 3.05
A21: 43651 | B21: Encaissement Carte Bancaire | D21: 213.19
A22: 43651 | B22: Versement d'espèces | D22: 30
A23: 43652 | B23: Versement d'espèces | D23: 210
A24: 43654 | B24: Encaissement Carte Bancaire | D24: 79.58
A25: 43655 | B25: Remise de Chèques | D25: 20
A26: 43655 | B26: Encaissement Carte Bancaire | D26: 639.59
A27: 43657 | B27: Encaissement Carte Bancaire | D27: 117.9
A28: 43658 | B28: Encaissement Carte Bancaire | D28: 81.55
A29: 43661 | B29: Encaissement Carte Bancaire | D29: 79.58
A30: 43662 | B30: Remise de Chèques | D30: 52
A31: 43662 | B31: Encaissement Carte Bancaire | D31: 373.34
A32: 43662 | B32: Versement d'espèces | D32: 650
A33: 43662 | B33: Virement Adélaïde Liot | E33: 107.44
A34: 43662 | B34: Virement Véronique Le Boucher | E34: 170.06
A35: 43663 | B35: Encaissement Carte Bancaire | D35: 29.47
A36: 43663 | B36: Prélèvement Facture Free | E36: 19.99
A37: 43664 | B37: Cotisations & Loyers | D37: 320
A38: 43664 | B38: Encaissement Carte Bancaire | D38: 282.94
A39: 43664 | B39: Remise de Chèques Loyer | D39: 840
A40: 43665 | B40: Encaissement Carte Bancaire | D40: 181.75
A41: 43665 | B41: Versement d'espèces | D41: 26.5
A42: 43668 | B42: Encaissement Carte Bancaire | D42: 65.83
A43: 43668 | B43: Virement Mathy | E43: 160.83
A44: 43669 | B44: Encaissement Carte Bancaire | D44: 787.94
A45: 43670 | B45: Encaissement Carte Bancaire | D45: 16.7
A46: 43671 | B46: Quittance Loyer | C46: Chèque n° 1228701 | E46: 720
A47: 43671 | B47: Versement d'espèces | D47: 335
A48: 43671 | B48: Encaissement Carte Bancaire | D48: 180.29
A49: 43672 | B49: Remise de Chèques | D49: 167
A50: 43672 | B50: Encaissement Carte Bancaire | D50: 164.07
A51: 43672 | B51: Versement d'espèces | D51: 125
A52: 43673 | B52: Versement d'espèces | D52: 7.5
A53: 43675 | B53: Encaissement Carte Bancaire | D53: 340.92
A54: 43675 | B54: Prélèvement Facture EDF | E54: 45
A55: 43676 | B55: Encaissement Carte Bancaire | D55: 567.85
A56: 43676 | B56: Remise de Chèques | D56: 38
A57: 43676 | B57: Versement d'espèces | D57: 13
A58: 43676 | B58: Versement d'espèces | D58: 325
A59: 43677 | B59: Encaissement Carte Bancaire | D59: 287.86
B60: TOTAL | D60: =SUM(D2:D59) -> 14850.8 | E60: =SUM(E2:E59) -> 7478.52
B61: SOLDE | E61: =D60-E60 -> 7372.28

Sheet AOUT
B1: DESIGNATION | C1: MODE DE REGLEMENT | D1: RECETTES | E1: DEPENSES
B2: REPORT | D2: =JUILLET!E61 -> 7372.28
A3: 43678 | B3: Encaissement Carte Bancaire | D3: 248.56
A4: 43678 | B4: Versement d'espèces | D4: 3
A5: 43678 | B5: Versement d'espèces | D5: 50
A6: 43679 | B6: Encaissement Carte Bancaire | D6: 295.73
A7: 43682 | B7: Frais Bancaires | E7: 3.05
A8: 43682 | B8: Encaissement Carte Bancaire | D8: 30.46
A9: 43683 | B9: Virement Valentin François | E9: 1517.05
A10: 43683 | B10: Encaissement Carte Bancaire | D10: 821.83
A11: 43683 | B11: Virement Virginie & Xavier Rousseau | E11: 1218.08
A12: 43683 | B12: Virement Lise Renaux | E12: 553.94
A13: 43683 | B13: Virement Eve Pécullo | E13: 443.49
A14: 43683 | B14: Virement Kourgane | E14: 586.01
A15: 43683 | B15: Virement Adélaïde Liot | E15: 86.18
A16: 43683 | B16: Virement Mathy | E16: 95.25
A17: 43684 | B17: Encaissement Carte Bancaire | D17: 269.19
A18: 43685 | B18: Encaissement Carte Bancaire | D18: 250.53
A19: 43686 | B19: Encaissement Carte Bancaire | D19: 276.07
A20: 43689 | B20: Encaissement Carte Bancaire | D20: 669.06
A21: 43689 | B21: Virement Samuel Rott | E21: 34.87
A22: 43689 | B22: Virement Aurélien Sitolle | E22: 763.26
A23: 43689 | B23: Virement Roselyne Hellé | E23: 625.05
A24: 43689 | B24: Virement Véronique Le Boucher | E24: 438.62
A25: 43689 | B25: Virement Agnès Gorson | E25: 287.44
A26: 43689 | B26: Virement Nicole Van Dorsselaere | E26: 603.29
A27: 43689 | B27: Virement Cécile Berneron | E27: 145
A28: 43689 | B28: Virement Cécile Berneron | E28: 24.56
A29: 43690 | B29: Versement d'espèces | D29: 935
A30: 43690 | B30: Encaissement Carte Bancaire | D30: 867.53
A31: 43690 | B31: Remise de Chèques Loyer | D31: 840
A32: 43690 | B32: Remise de Chèques | D32: 284
A33: 43691 | B33: Encaissement Carte Bancaire | D33: 210.24
A34: 43693 | B34: Quittance Loyer | C34: Chèque n° 1228704 | E34: 720
A35: 43693 | B35: Encaissement Carte Bancaire | D35: 293.76
A36: 43693 | B36: Encaissement Carte Bancaire | D36: 196.49
A37: 43696 | B37: Encaissement Carte Bancaire | D37: 676.44
A38: 43697 | B38: Prélèvement Facture Free | E38: 19.99
A39: 43697 | B39: Encaissement Carte Bancaire | D39: 1117.08
A40: 43698 | B40: Versement d'espèces | D40: 705
A41: 43698 | B41: Versement d'espèces | D41: 2
A42: 43698 | B42: Remise de Chèques | D42: 279
A43: 43698 | B43: Remsoursement Facture Retif | C43: Chèque n° 1228695 | E43: 56.71
A44: 43698 | B44: Encaissement Carte Bancaire | D44: 437.2
A45: 43699 | B45: Encaissement Carte Bancaire | D45: 59.93
A46: 43700 | B46: Encaissement Carte Bancaire | D46: 226.95
A47: 43700 | B47: Encaissement Carte Bancaire | D47: 49.12
A48: 43704 | B48: Encaissement Carte Bancaire | D48: 670.06
A49: 43705 | B49: Prélèvement Facture EDF | E49: 45
A50: 43705 | B50: Encaissement Carte Bancaire | D50: 443.09
A51: 43706 | B51: Encaissement Carte Bancaire | D51: 97.26
A52: 43707 | B52: Versement d'espèces | D52: 840
A53: 43707 | B53: Remise de Chèques | D53: 325
A54: 43707 | B54: Encaissement Carte Bancaire | D54: 265.27
A55: 43707 | B55: Versement d'espèces | D55: 28
B56: TOTAL | D56: =SUM(D2:D55) -> 20135.13 | E56: =SUM(E2:E55) -> 8266.84
B57: SOLDE | E57: =D56-E56 -> 11868.29

Sheet SEPTEMBRE
B1: DESIGNATION | C1: MODE DE REGLEMENT | D1: RECETTES | E1: DEPENSES
B2: REPORT | D2: =AOUT!E57 -> 11868.29
A3: 43710 | B3: Encaissement Carte Bancaire | D3: 202.39 | F3: X
A4: 43711 | B4: Encaissement Carte Bancaire | D4: 361.55 | F4: X
A5: 43712 | B5: Encaissement Carte Bancaire | D5: 23.58 | F5: X
A6: 43712 | B6: Virement Cécile Berneron | E6: 137.55 | F6: X
A7: 43712 | B7: Virement Eve Pécullo | E7: 720.32 | F7: X
A8: 43712 | B8: Virement Nicole Van Dorsselaere | E8: 668.29 | F8: X
A9: 43712 | B9: Virement Agnès Gorson | E9: 251.83 | F9: X
A10: 43712 | B10: Virement Véronique Le Boucher | E10: 452.76 | F10: X
A11: 43712 | B11: Virement Roselyne Hellé | E11: 1181.04 | F11: X
A12: 43712 | B12: Virement Valentin François | E12: 1796.03 | F12: X
A13: 43712 | B13: Virement Aurélien Sitolle | E13: 960.44 | F13: X
A14: 43712 | B14: Virement Virginie & Xavier Rousseau | E14: 2545.22 | F14: X
A15: 43712 | B15: Virement Lise Renaux | E15: 789.18 | F15: X
A16: 43712 | B16: Virement Kourgane | E16: 1309.06 | F16: X
A17: 43712 | B17: Virement Adélaïde Liot | E17: 242.09 | F17: X
... A19: 43712 | B19: Virement Samuel Rott | E19: 287.68 | F19: X
A20: 43713 | B20: Versement d'espèces | D20: 465 | F20: X
A21: 43713 | B21: Encaissement Carte Bancaire | D21: 561.97 | F21: X
A22: 43714 | B22: Encaissement Carte Bancaire | D22: 271.15 | F22: X
A23: 43714 | B23: Frais Bancaires | E23: 3.05 | F23: X
A24: 43715 | B24: Versement d'espèces | D24: 7 | F24: X
A25: 43717 | B25: Encaissement Carte Bancaire | D25: 18.67 | F25: X
A26: 43717 | B26: Remise de Chèques Loyer | D26: 840 | F26: X
A27: 43718 | B27: Versement d'espèces | D27: 235 | F27: X
A28: 43718 | B28: Versement d'espèces | D28: 3.5 | F28: X
A29: 43718 | B29: Versement d'espèces | D29: 97 | F29: X
A30: 43719 | B30: Encaissement Carte Bancaire | D30: 13.75 | F30: X
A31: 43719 | B31: Encaissement Carte Bancaire | D31: 602.25 | F31: X
A32: 43719 | B32: Remise de Chèques | D32: 20 | F32: X
A33: 43720 | B33: Remboursement Facture Retif | C33: Chèque n° 1228705 | E33: 57.31 | F33: X
A34: 43720 | B34: Encaissement Carte Bancaire | D34: 219.09 | F34: X
A35: 43721 | B35: Encaissement Carte Bancaire | D35: 61.9 | F35: X
A36: 43724 | B36: Encaissement Carte Bancaire | D36: 221.06 | F36: X
A37: 43724 | B37: Quittance Loyer | C37: Chèque n° 1228706 | E37: 720
A38: 43725 | B38: Versement d'espèces | D38: 340 | F38: X
A39: 43725 | B39: Encaissement Carte Bancaire | D39: 829.2 | F39: X
A40: 43725 | B40: Remise Chèques | D40: 25 | F40: X
A41: 43726 | B41: Prélèvement Facture Free | E41: 19.99 | F41: X
A42: 43726 | B42: Encaissement Carte Bancaire | D42: 17.68 | F42: X
A43: 43726 | B43: Versement d'espèces | D43: 4.5 | F43: X
A44: 43727 | B44: Encaissement Carte Bancaire | D44: 206.32 | F44: X
A45: 43728 | B45: Encaissement Carte Bancaire | D45: 139.51 | F45: X
A46: 43731 | B46: Encaissement Carte Bancaire | D46: 206.32 | F46: X
A47: 43732 | B47: Versement d'espèces | D47: 450 | F47: X
A48: 43732 | B48: Encaissement Carte Bancaire | D48: 505.97 | F48: X
A49: 43732 | B49: Versement d'espèces | D49: 17.5 | F49: X
A50: 43733 | B50: Encaissement Carte Bancaire | D50: 149.34 | F50: X
A51: 43734 | B51: Encaissement Carte Bancaire | D51: 157.2 | F51: X
A52: 43735 | B52: Versement d'espèces | D52: 155 | F52: X
A53: 43735 | B53: Encaissement Carte Bancaire | D53: 183.72 | F53: X
A54: 43737 | B54: Remboursement trop perçu loyer Samuel Rott | C54: Chèque n° 1228707 | E54: 40
A55: 43738 | B55: Prélèvement Facture EDF | E55: 45 | F55: X
B56: TOTAL | D56: =SUM(D2:D55) -> 19480.41 | E56: =SUM(E2:E55) -> 12567.42
B57: SOLDE | E57: =D56-E56 -> 6912.99

Sheet OCTOBRE
B1: DESIGNATION | C1: MODE DE REGLEMENT | D1: RECETTES | E1: DEPENSES
B2: REPORT | D2: =SEPTEMBRE!E57 -> 6912.99
A3: 43739 | B3: Remise de Chèques | D3: 20
A4: 43739 | B4: Encaissement Carte Bancaire | D4: 193.53
A5: 43739 | B5: Versement d'espèces | D5: 285
A6: 43740 | B6: Versement d'espèces | D6: 6.5
A7: 43741 | B7: Virement Samuel Rott | E7: 103.73
A8: 43741 | B8: Virement Mathy | E8: 186.4
A9: 43741 | B9: Virement Adélaïde Liot | E9: 76.54
A10: 43741 | B10: Virement Kourgane | E10: 797.77
A11: 43741 | B11: Virement Lise Renaux | E11: 310.63
A12: 43741 | B12: Virement Virginie & Xavier Rousseau | E12: 1201.6
A13: 43741 | B13: Virement Aurélien Sitolle | E13: 657.1
A14: 43741 | B14: Virement Valentin François | E14: 434.64
A15: 43741 | B15: Virement Roselyne Hellé | E15: 766.69
A16: 43741 | B16: Virement Véronique Le Boucher | E16: 528.09
A17: 43741 | B17: Virement Agnès Gorson | E17: 425.93
A18: 43741 | B18: Virement Nicole Van Dorsselaere | E18: 611.58
... A20: 43741 | B20: Virement Cécile Berneron | E20: 45
A21: 43741 | B21: Encaissement Carte Bancaire | D21: 96.28
A22: 43742 | B22: Encaissement Carte Bancaire | D22: 111.02
A23: 43743 | B23: Prélèvement AXA Assurances | E23: 188.95
A24: 43745 | B24: Frais Bancaires | E24: 3.05
A25: 43745 | B25: Encaissement Carte Bancaire | D25: 146.39
A26: 43746 | B26: Encaissement Carte Bancaire | D26: 98.25
A27: 43748 | B27: Encaissement Carte Bancaire | D27: 97.26
A28: 43749 | B28: Encaissement Carte Bancaire | D28: 36.35
A29: 43752 | B29: Encaissement Carte Bancaire | D29: 93.34
A30: 43753 | B30: Remise de Chèques | D30: 19
A31: 43753 | B31: Encaissement Carte Bancaire | D31: 159.16
A32: 43753 | B32: Encaissement Carte Bancaire | D32: 485
A33: 43754 | B33: Encaissement Carte Bancaire | D33: 244.14
A34: 43754 | B34: Virement Samuel Rott | E34: 78.95
A35: 43754 | B35: Virement Mathy | E35: 42.54
A36: 43754 | B36: Virement Kourgane | E36: 21.61
A37: 43754 | B37: Virement Lise Renaux | E37: 59.31
A38: 43754 | B38: Virement Virginie & Xavier Rousseau | E38: 223.36
A39: 43754 | B39: Virement Aurélien Sitolle | E39: 267.57
A40: 43754 | B40: Virement Valentin François | E40: 58.95
A41: 43754 | B41: Virement Roselyne Hellé | E41: 222.6
A42: 43754 | B42: Virement Véronique Le Boucher | E42: 203.79
A43: 43754 | B43: Virement Agnès Gorson | E43: 44.91
A44: 43754 | B44: Virement Nicole Van Dorsselaere | E44: 155.92
A45: 43754 | B45: Virement Eve Pécullo | E45: 105
... A47: 43754 | B47: Prélèvement Facture Free | E47: 19.99
A48: 43755 | B48: Frais postaux | C48: Chèque n° 1228708 | E48: 7.2
A49: 43766 | B49: Prélèvement Facture EDF | E49: 45
B57: TOTAL | D57: =SUM(D2:D56) -> 9004.21 | E57: =SUM(E2:E56) -> 8330.15
B58: SOLDE | E58: =D57-E57 -> 674.06

Sheet LOYER 
A1: NOMS | B1: MARS | C1: AVRIL | D1: MAI | E1: JUIN | F1: JUILLET | G1: AOUT | H1: SEPTEMBRE
A2: Adélaïde | B2: 60 | D2: 60 | E2: 60 | F2: 60 | G2: 60 | H2: 60
A3: Agnès | B3: 60 | D3: 60 | E3: 60 | F3: 60 | G3: 60 | H3: 60
A4: Aurélien | C4: 60 | D4: 60 | E4: 60 | F4: 60 | G4: 60 | H4: 60
A5: Cécile | B5: 60 | D5: 60 | E5: 60 | F5: 60 | G5: 60 | H5: 60
A6: Eve | B6: 60 | D6: 60 | E6: 60 | F6: 60 | G6: 60 | H6: 60
A7: Kourgane | B7: 60 | D7: 60 | E7: 60 | F7: 60 | G7: 60 | H7: 60
A8: Lise | B8: 60 | D8: 60 | E8: 60 | F8: 60 | G8: 60 | H8: 60
A9: Mathy | D9: 60 | E9: 60 | F9: 80 | G9: 60 | H9: 60
A10: Nicole | B10: 60 | D10: 60 | E10: 60 | F10: 60 | G10: 60 | H10: 60
A11: Roselyne | B11: 60 | D11: 60 | E11: 60 | F11: 60 | G11: 60 | H11: 60
A12: Samuel | F12: 240 | G12: 60 | H12: 60
A13: Valentin | B13: 60 | D13: 60 | E13: 60 | F13: 60 | G13: 60 | H13: 60
A14: Véronique | B14: 60 | D14: 60 | E14: 60 | F14: 60 | G14: 60 | H14: 60
A15: Virginie | C15: 60 | D15: 60 | E15: 60 | F15: 60 | G15: 60 | H15: 60
A16: TOTAL | B16: =SUM(B2:B15) -> 600 | C16: =SUM(C2:C15) -> 120 | D16: =SUM(D2:D15) -> 780 | E16: =SUM(E2:E15) -> 780 | F16: =SUM(F2:F15) -> 1040 | G16: =SUM(G2:G15) -> 840 | H16: =SUM(H2:H15) -> 840 | I16: =SUM(B16:H16) -> 5000

Sheet ADHESION
A1: NOMS | B1: MARS | C1: AVRIL | D1: MAI
A2: Adélaïde | B2: 120
A3: Agnès | B3: 120
A4: Aurélien | C4: 120
A5: Cécile | B5: 120
A6: Eve | B6: 120
A7: Kourgane | B7: 120
A8: Lise | B8: 120
A9: Mathy | D9: 120
A10: Nicole | B10: 120
A11: Roselyne | B11: 120
A12: Samuel | D12: 120
A13: Valentin | B13: 120
A14: Véronique | B14: 120
A15: Virginie | C15: 120
A16: TOTAL | B16: =SUM(B2:B15) -> 1200 | C16: =SUM(C2:C15) -> 240 | D16: =SUM(D2:D15) -> 240 | E16: =SUM(B16:D16) -> 1680

Sheet VIREMENTS EXPOSANTS
A1: EXPOSANTS | B1: AVRIL | C1: MAI | D1: JUIN | E1: JUILLET | F1: AOUT | G1: SEPTEMBRE | H1: OCTOBRE | I1: TOTAL
A2: Adélaïde | B2: 138.08 | C2: 291.22 | D2: 107.44 | E2: 86.18 | F2: 242.09 | G2: 76.54 | I2: =SUM(B2:H2) -> 941.55
A3: Agnès | B3: 119.94 | C3: 391.79 | D3: 617.63 | E3: 287.44 | F3: 251.83 | G3: 425.93 | H3: 44.91 | I3: =SUM(B3:H3) -> 2139.47
A4: Aurélien | B4: 441.05 | C4: 408.59 | D4: 915.12 | E4: 763.26 | F4: 960.44 | G4: 657.1 | H4: 267.57 | I4: =SUM(B4:H4) -> 4413.13
A5: Cécile | B5: 127.72 | D5: 24.56 | E5: 145 | F5: 137.55 | G5: 45 | H5: 20 | I5: =SUM(B5:H5) -> 499.83
A6: Eve | B6: 275.92 | C6: 266.3 | D6: 525.94 | E6: 443.49 | F6: 720.32 | G6: 415.75 | H6: 105 | I6: =SUM(B6:H6) -> 2752.72
A7: Kourgane | B7: 217.79 | C7: 1311.52 | D7: 546.49 | E7: 586.01 | F7: 1309.06 | G7: 797.77 | H7: 21.61 | I7: =SUM(B7:H7) -> 4790.25
A8: Lise | B8: 371.8 | C8: 532.65 | D8: 449.2 | E8: 553.94 | F8: 789.18 | G8: 310.63 | H8: 59.31 | I8: =SUM(B8:H8) -> 3066.71
A9: Mathy | C9: 138.62 | D9: 160.83 | E9: 95.25 | F9: 340.58 | G9: 186.4 | H9: 42.54 | I9: =SUM(B9:H9) -> 964.22
A10: Nicole | B10: 276.03 | C10: 381.68 | D10: 628.14 | E10: 603.29 | F10: 668.29 | G10: 611.58 | H10: 155.92 | I10: =SUM(B10:H10) -> 3324.93
A11: Roselyne | B11: 257.59 | C11: 692.45 | D11: 450.46 | E11: 625.05 | F11: 1181.04 | G11: 766.69 | H11: 222.6 | I11: =SUM(B11:H11) -> 4195.88
A12: Samuel | C12: 147.37 | D12: 395.1 | E12: 34.87 | F12: 287.68 | G12: 103.73 | H12: 78.95 | I12: =SUM(B12:H12) -> 1047.7
A13: Valentin | B13: 343.87 | C13: 872.11 | D13: 480.62 | E13: 1517.05 | F13: 1796.03 | G13: 434.64 | H13: 58.95 | I13: =SUM(B13:H13) -> 5503.27
A14: Véronique | B14: 496.55 | C14: 480.32 | D14: 170.06 | E14: 438.62 | F14: 452.76 | G14: 528.09 | H14: 203.79 | I14: =SUM(B14:H14) -> 2770.19
A15: Virginie | B15: 703.16 | C15: 1421.44 | D15: 1243.45 | E15: 1218.08 | F15: 2545.22 | G15: 1201.6 | H15: 223.36 | I15: =SUM(B15:H15) -> 8556.31
A16: TOTAL | B16: =SUM(B2:B15) -> 3769.5 | C16: =SUM(C2:C15) -> 7336.06 | D16: =SUM(D2:D15) -> 6715.04 | E16: =SUM(E2:E15) -> 7397.53 | F16: =SUM(F2:F15) -> 11682.07 | G16: =SUM(G2:G15) -> 6561.45 | H16: =SUM(H2:H15) -> 1504.51 | I16: =SUM(I2:I15) -> 44966.16

Sheet BILAN
A1: RECETTES | B1: MARS | C1: AVRIL | D1: MAI | E1: JUIN | F1: JUILLET | G1: AOUT | H1: SEPTEMBRE | I1: OCTOBRE | J1: TOTAL
A2: ADHESION | B2: 1200 | C2: 240 | D2: 120 | F2: 120 | J2: =SUM(B2:I2) -> 1680
A3: LOYER EXPOSANT | B3: 600 | C3: 120 | D3: 780 | E3: 780 | F3: 1040 | G3: 840 | H3: 840 | J3: =SUM(B3:I3) -> 5000
A4: CARTES BANCAIRES | C4: 1949.7 | D4: 3353.62 | E4: 3252.92 | F4: 5548.48 | G4: 8471.85 | H4: 4952.62 | I4: 1760.72 | J4: =SUM(B4:I4) -> 29289.91
A5: ESPECES | C5: 1333 | D5: 2599 | E5: 2472 | F5: 2152 | G5: 2563 | H5: 1774.5 | I5: 291.5 | J5: =SUM(B5:I5) -> 13185
A6: CHEQUES | C6: 374 | D6: 589.5 | E6: 577 | F6: 309 | G6: 888 | H6: 45 | I6: 39 | J6: =SUM(B6:I6) -> 2821.5
A7: TOTAL | B7: =SUM(B2:B6) -> 1800 | C7: =SUM(C2:C6) -> 4016.7 | D7: =SUM(D2:D6) -> 7442.12 | E7: =SUM(E2:E6) -> 7081.92 | F7: =SUM(F2:F6) -> 9169.48 | G7: =SUM(G2:G6) -> 12762.85 | H7: =SUM(H2:H6) -> 7612.12 | I7: =SUM(I2:I6) -> 2091.22 | J7: =SUM(B7:I7) -> 51976.41
A9: DEPENSES | B9: MARS | C9: AVRIL | D9: MAI | E9: JUIN | F9: JUILLET | G9: AOUT | H9: SEPTEMBRE | I9: OCTOBRE | J9: TOTAL
A10: ASSURANCE AXA | C10: 183.48 | I10: 188.95 | J10: =SUM(B10:I10) -> 372.43
A11: BILLET DOUTEUX | D11: 100 | J11: =SUM(B11:I11) -> 100
A12: CYCLE DE L'EAU | E12: 42.75 | J12: =SUM(B12:I12) -> 42.75
A13: EDF | C13: 150.98 | D13: 45 | E13: 45 | F13: 45 | G13: 45 | H13: 45 | I13: 45 | J13: =SUM(B13:I13) -> 420.98
A14: FACTURES FOURNITURES | C14: 31.71 | D14: 113.64 | G14: 56.71 | H14: 57.31 | J14: =SUM(B14:I14) -> 259.37
A15: FOND DE CAISSE | B15: 100 | J15: =SUM(B15:I15) -> 100
A16: FOURNITURES VERNISSAGE | D16: 58.55 | J16: =SUM(B16:I16) -> 58.55
A17: FRAIS BANCAIRES | B17: 15.3 | D17: 17.05 | E17: 3.05 | F17: 3.05 | G17: 3.05 | H17: 3.05 | I17: 3.05 | J17: =SUM(B17:I17) -> 47.6
A18: FRAIS DE NOTAIRE | C18: 120 | J18: =SUM(B18:I18) -> 120
A19: FRAIS POSTAUX | I19: 7.2 | J19: =SUM(B19:I19) -> 7.2
A20: FREE | C20: 19.99 | D20: 25.99 | E20: 19.99 | F20: 19.99 | G20: 19.99 | H20: 19.99 | I20: 19.99 | J20: =SUM(B20:I20) -> 145.93
A21: LOYER LOCAL | C21: 720 | D21: 720 | E21: 720 | F21: 720 | G21: 720 | H21: 720 | J21: =SUM(B21:I21) -> 4320
A22: RETRAIT D'ESPECES | D22: 150 | E22: 76 | J22: =SUM(B22:I22) -> 226
A23: SUMUP | D23: 30 | J23: =SUM(B23:I23) -> 30
A24: TITRE DE PERCEPTION | E24: 44 | J24: =SUM(B24:I24) -> 44
A25: TROP PERÇU LOYER | H25: 40 | J25: =SUM(B25:I25) -> 40
A26: VIREMENTS EXPOSANTS | D26: 4425.21 | E26: 6681.73 | F26: 6690.48 | G26: 7422.09 | H26: 11682.07 | I26: 8065.96 | J26: =SUM(B26:I26) -> 44967.54
A27: TOTAL | B27: =SUM(B10:B26) -> 115.3 | C27: =SUM(C10:C26) -> 1226.16 | D27: =SUM(D10:D26) -> 5685.44 | E27: =SUM(E10:E26) -> 7632.52 | F27: =SUM(F10:F26) -> 7478.52 | G27: =SUM(G10:G26) -> 8266.84 | H27: =SUM(H10:H26) -> 12567.42 | I27: =SUM(I10:I26) -> 8330.15
A29: SOLDE | B29: 0 | C29: =B32 -> 1684.7 | D29: =C32 -> 4475.24 | E29: =D32 -> 6231.92 | F29: =E32 -> 5681.32 | G29: =F32 -> 7372.28 | H29: =G32 -> 11868.29 | I29: =H32 -> 6912.99
A30: RECETTES | B30: =B7 -> 1800 | C30: =C7 -> 4016.7 | D30: =D7 -> 7442.12 | E30: =E7 -> 7081.92 | F30: =F7 -> 9169.48 | G30: =G7 -> 12762.85 | H30: =H7 -> 7612.12 | I30: =I7 -> 2091.22
A31: DEPENSES | B31: =B27 -> 115.3 | C31: =C27 -> 1226.16 | D31: =D27 -> 5685.44 | E31: =E27 -> 7632.52 | F31: =F27 -> 7478.52 | G31: =G27 -> 8266.84 | H31: =H27 -> 12567.42 | I31: =I27 -> 8330.15
A32: SOLDE | B32: =B29-(B31-B30) -> 1684.7 | C32: =C29-(C31-C30) -> 4475.24 | D32: =D29-(D31-D30) -> 6231.92 | E32: =E29-(E31-E30) -> 5681.32 | F32: =F29-(F31-F30) -> 7372.28 | G32: =G29-(G31-G30) -> 11868.29 | H32: =H29-(H31-H30) -> 6912.99 | I32: =I29-(I31-I30) -> 674.06
